 Dungeon Sprint DCSS version 0.28-a0-119-ga52ba8600a (webtiles) character file.

Game seed: 16636048986031020522

15401 lagrange the Warrior (level 12, -28/99 HPs)
             Began as a Formicid Fighter on Aug 13, 2021.
             Was the Champion of the Shining One.
             Killed from afar by a fire giant (52 damage)
             ... with a bolt of fire
             ... in the Dungeon (Sprint I: "Red Sonja").
             The game lasted 00:19:05 (4201 turns).

lagrange the Warrior (Formicid Fighter)             Turns: 4201, Time: 00:19:06

Health: -28/99     AC: 19    Str: 22 (23) XL:     12   Next: 57%
Magic:  0/29       EV:  9    Int:  5      God:    the Shining One [******]
Gold:   2208       SH: 13    Dex:  5 (6)  Spells: 11/11 levels left

rFire   . . .      SeeInvis +   d - +3 quarterstaff (holy)
rCold   . . .      Faith    .   c - +0 kite shield
rNeg    + + +      Spirit   +   u - +2 chain mail {rPois}
rPois   +          Reflect  .   (helmet unavailable)
rElec   .          Harm     .   (no cloak)
rCorr   .          Rampage  .   m - +0 pair of gloves
Will    +....                   n - +0 pair of boots
Stlth   ..........              p - amulet of guardian spirit
HPRegen 0.00/turn               q - ring of magical power
MPRegen 0.21/turn               (no ring)

@: inhibited regen, glowing
A: permanent stasis, dig shafts and tunnels, antennae 3, four strong arms,
clumsy 2, deterioration 2, dopey 1, frail 1, low mp 1, screaming 1, inhibited
regeneration, weak 2, subdued magic 1
a: Dig, Renounce Religion, Divine Shield, Cleansing Flame, Summon Divine Warrior


You were in the Dungeon.
You worshipped the Shining One.
The Shining One was exalted by your worship.
You visited 1 branch You collected 3167 gold pieces.
You spent 959 gold pieces at shops.

Inventory:

Hand Weapons
 a - a +0 quarterstaff
 d - a +3 quarterstaff of holy wrath (weapon)
 v - a +0 quarterstaff of draining
Missiles
 f - 3 curare-tipped darts
Armour
 b - a +0 scale mail
 c - a +0 kite shield (worn)
 j - a +0 troll leather armour
 m - a +0 pair of gloves (worn)
 n - a +0 pair of boots (worn)
 u - a +2 chain mail of poison resistance (worn)
Jewellery
 p - an amulet of guardian spirit (around neck)
 q - a ring of magical power (left hand)
Wands
 e - a wand of iceblast (5)
Scrolls
 h - 2 scrolls of magic mapping
 l - a scroll of amnesia
 s - a scroll of enchant armour {unknown}
Potions
 g - 2 potions of magic
 i - 2 potions of ambrosia
 k - a potion of heal wounds
 o - 2 potions of curing
 r - a potion of mutation
 t - a potion of resistance {unknown}


   Skills:
 + Level 15.9 Fighting
 - Level 13.0 Staves
 + Level 15.9 Armour
 + Level 6.6 Dodging
 - Level 14.0 Shields
 + Level 14.6 Invocations


You had 11 spell levels left.
You didn't know any spells.
Your spell library was empty.

Dungeon Overview and Level Annotations

Branches:
Dungeon (1/1)

Altars:
Cheibriados
Dithmenos
Elyvilon
Fedhas
Gozag
Hepliaklqana
Kikubaaqudgha
Makhleb
Nemelex Xobeh
Okawaru
Qazlal
Ru
Sif Muna
Trog
Uskayaw
Vehumet
Wu Jian
Xom
Yredelemnul
Zin
The Shining One
Jiyva
Lugonu

Shops:
D *(:(?:((::[[[:::((([:


Innate Abilities, Weirdness & Mutations

You cannot be hasted, slowed, berserked, paralysed or teleported.
You can dig through walls and to a lower floor.
You have a pair of large antennae on your head. (SInv)
Your four strong arms can wield two-handed weapons with a shield.
You are very clumsy. (Dex -4)
Your body often deteriorates upon taking damage.
You are dopey. (Int -2)
You are frail. (-10% HP)
Your magical capacity is low. (-10% MP)
You occasionally shout uncontrollably at your foes.
You do not regenerate when monsters are visible.
You are very weak. (Str -4)
Your spells are a little easier to cast, but a little less powerful.


Message History

You kill the fire giant!
You feel your intelligence returning.
You feel your dexterity returning.
The golden flame engulfs you but does no damage.
You resist.
The golden flame engulfs the fire giant!!
The fire giant is moderately wounded.
You block the fire giant's attack.
You bludgeon the fire giant!!
The fire giant is heavily wounded.
The fire giant hits you but does no damage.
You sock the fire giant!
The fire giant is heavily wounded.
The fire giant casts a spell at you.
The bolt of fire hits the fire giant!
The fire giant resists.
The bolt of fire hits you!
Your body deteriorates!
You feel weakened.
You sock the fire giant!
The fire giant is severely wounded.
The fire giant hits you but does no damage.
You hit the fire giant but do no damage.
The fire giant is severely wounded.
The fire giant hits you with a +3 great sword of flaming.
The fire giant burns you.
The fire giant points at you and mumbles some strange words.
The bolt of fire hits the fire giant!
The fire giant resists.
The bolt of fire hits you!!! The Shining One protects you from harm!
The fire giant hits you but does no damage.
You sock the fire giant!
The fire giant is severely wounded.
The fire giant hits you with a +3 great sword of flaming.
* * * LOW HITPOINT WARNING * * *
The fire giant burns you.
* * * LOW HITPOINT WARNING * * *
You sock the fire giant!
The fire giant is almost dead.
The fire giant points at you and mumbles some strange words.
The bolt of fire hits you!!!
Ouch! That really hurt!
You die...

###.'.#,,,***++*#.##...#,,≈**,,,^
#.###§#,,***,,**#..#+###,,≈*^,,,,
'(∩##§#,^****,,*##...#{≈,,**^,^,,
#####§#*+*,,*,,*,###.#{≈{,*,,,,,,
..§##§#*,*,,,,,,,,,#.#**{{*,,,,,,
..§§'§#***,,,,,,,,,#.#,+{{**,,,,^
#####§#,,+,,,,,,####'#^**+**,,,,,
....#§#****,,,###....#,*≈≈≈**,,,,
§.§#§.#,,,****#C@.####^*≈≈≈≈**,,,
§.§####,{....C.C###^,,^*≈≈≈≈≈****
.§§#*,,,,...####*,,^,****≈≈≈≈*≈≈≈
≈≈##*,,,,.,**^,,,,,,,*,,*+≈≈≈+≈≈,
### *,,{,,**,,,,,,,,^*,,,**≈≈*≈≈≈
'###*,,,,,*,^,^,,,,^,*,,,,******'
#∩∩#***********^,{,,,*,,,,*≈≈≈≈≈≈
∩∩##*≈≈≈≈≈≈≈≈,*,,,^,,*******≈≈≈≈≈
### ***********,,^^^,+,,*,,+,,,≈≈


You could see 3 fire giants.

Vanquished Creatures
  A fire giant (D)
  2 centaur warriors (D)
  Sonja (D)
  A deep troll (D)
  A lindwurm (D)
  An oklob plant (D)
  8 shining eyes (D)
  2 kobold demonologists (D)
  4 demonic crawlers (D)
  6 unseen horrors (D)
  A hornet (D)
  A slime creature (D)
  2 redbacks (D)
  Sigmund (D)
  A yak (D)
  13 hogs (D)
  6 floating eyes (D)
  An ogre (D)
  7 necrophages (D)
  8 jellies (D)
  Ijyb (D)
69 creatures vanquished.

Vanquished Creatures (collateral kills)
  A hydra (D)
  An unseen horror (D)
  A floating eye (D)
3 creatures vanquished.

Vanquished Creatures (others)
  A gargoyle (D)
  2 ballistomycete spores (D)
3 creatures vanquished.

Grand Total: 75 creatures vanquished

Notes
Turn   | Place    | Note
-------+----------+-------------------------------------------
     0 | D        | lagrange the Formicid Fighter began the quest for the Orb.
     0 | D        | Reached XP level 1. HP: 18/18 MP: 1/1
     2 | D        | Noticed Ijyb
    19 | D        | Killed Ijyb
    20 | D        | Reached skill level 5 in Shields
    20 | D        | Reached XP level 2. HP: 26/26 MP: 2/2
    20 | D        | Reached XP level 3. HP: 31/31 MP: 3/3
    23 | D        | Noticed an ogre
    27 | D        | Killed an ogre
    28 | D        | Reached XP level 4. HP: 40/40 MP: 4/4
    28 | D        | Reached XP level 5. HP: 46/46 MP: 5/5
    31 | D        | Noticed Sigmund
    35 | D        | Killed Sigmund
    36 | D        | Reached XP level 6. HP: 54/56 MP: 6/6
    63 | D        | Found a burning altar of Makhleb.
    63 | D        | Found a viscous altar of Jiyva.
    63 | D        | Found a shimmering altar of Xom.
    63 | D        | Found a corrupted altar of Lugonu.
    63 | D        | Noticed a slime creature
    73 | D        | Killed a slime creature
    74 | D        | Reached XP level 7. HP: 34/63 MP: 7/7
   220 | D        | Killed a gargoyle
   229 | D        | Found an ornate altar of the Wu Jian Council.
   229 | D        | Found a shimmering blue altar of Sif Muna.
   231 | D        | Found a radiant altar of Vehumet.
   264 | D        | Found Samaff's Weapon Emporium.
   264 | D        | Found an ancient bone altar of Kikubaaqudgha.
   264 | D        | Found a hazy altar of Hepliaklqana.
   264 | D        | Found a stormy altar of Qazlal.
   264 | D        | Found a hide-covered altar of Uskayaw.
   264 | D        | Found a blossoming altar of Fedhas.
   264 | D        | Found a bloodstained altar of Trog.
   264 | D        | Found an iron altar of Okawaru.
   264 | D        | Found a basalt altar of Yredelemnul.
   264 | D        | Found a glowing golden altar of the Shining One.
   264 | D        | Found a snail-covered altar of Cheibriados.
   264 | D        | Found a sacrificial altar of Ru.
   264 | D        | Found a glowing silver altar of Zin.
   264 | D        | Found a shadowy altar of Dithmenos.
   264 | D        | Found a white marble altar of Elyvilon.
   264 | D        | Noticed a yak
   281 | D        | Killed a yak
   282 | D        | Reached skill level 10 in Shields
   282 | D        | Found an opulent altar of Gozag.
   534 | D        | Found a sparkling altar of Nemelex Xobeh.
   538 | D        | Bought a +1 spectral quarterstaff for 170 gold pieces
   542 | D        | Became a worshipper of the Shining One
   553 | D        | Noticed Sonja
   560 | D        | Killed Sonja
   561 | D        | Reached skill level 10 in Fighting
   561 | D        | Reached skill level 10 in Armour
   561 | D        | Reached XP level 8. HP: 26/73 MP: 7/11
   805 | D        | Noticed a centaur warrior
   827 | D        | Noticed a kobold demonologist
   827 | D        | Reached * piety under the Shining One
   827 | D        | Noticed a kobold demonologist
   832 | D        | Noticed a soul eater
   834 | D        | Reached skill level 5 in Invocations
   836 | D        | Killed a kobold demonologist
   836 | D        | Reached ** piety under the Shining One
   837 | D        | Reached XP level 9. HP: 56/79 MP: 11/13
   841 | D        | Killed a kobold demonologist
   989 | D        | Noticed a demonic crawler
   989 | D        | Noticed a demonic crawler
   989 | D        | Reached *** piety under the Shining One
   989 | D        | Noticed a demonic crawler
   989 | D        | Noticed a demonic crawler
   994 | D        | Killed a demonic crawler
   994 | D        | Reached **** piety under the Shining One
   995 | D        | Reached skill level 10 in Staves
  1000 | D        | Killed a demonic crawler
  1003 | D        | Killed a demonic crawler
  1010 | D        | Killed a demonic crawler
  1011 | D        | Reached XP level 10. HP: 47/89 MP: 12/16
  1217 | D        | Noticed a centaur warrior
  1234 | D        | Killed a centaur warrior
  1243 | D        | Killed a centaur warrior
  1583 | D        | Noticed an oklob plant
  1583 | D        | Reached ***** piety under the Shining One
  1593 | D        | Killed an oklob plant
  1594 | D        | Reached skill level 10 in Invocations
  2030 | D        | Noticed a deep troll
  2035 | D        | Killed a deep troll
  2036 | D        | Reached XP level 11. HP: 63/98 MP: 18/18
  2174 | D        | Found Jonlim's Armour Emporium.
  2181 | D        | Bought a +0 pair of gloves for 49 gold pieces
  2181 | D        | Bought a +0 pair of boots for 49 gold pieces
  2208 | D        | Found Jittul's Assorted Antiques.
  2222 | D        | Noticed a shining eye
  2222 | D        | Noticed a shining eye
  2222 | D        | Noticed a shining eye
  2234 | D        | Gained mutation: Your spells are a little easier to cast,
                  | but a little less powerful. [a shining eye]
  2238 | D        | Gained mutation: You are weak. (Str -2) [a shining eye]
  2240 | D        | Gained mutation: You are frail. (-10% HP) [a shining eye]
  2242 | D        | Killed a shining eye
  2245 | D        | Gained mutation: You are very weak. (Str -4) [a shining
                  | eye]
  2247 | D        | Killed a shining eye
  2247 | D        | Gained mutation: You are clumsy. (Dex -2) [a shining eye]
  2248 | D        | Noticed a shining eye
  2248 | D        | Noticed a shining eye
  2248 | D        | Noticed a shining eye
  2251 | D        | Killed a shining eye
  2253 | D        | Gained mutation: Your magical capacity is low. (-10% MP) [a
                  | shining eye]
  2256 | D        | Killed a shining eye
  2257 | D        | Noticed a shining eye
  2257 | D        | Reached ****** piety under the Shining One
  2257 | D        | Noticed a shining eye
  2258 | D        | Gained mutation: You occasionally shout uncontrollably at
                  | your foes. [a shining eye]
  2258 | D        | Gained mutation: You are very clumsy. (Dex -4) [a shining
                  | eye]
  2260 | D        | Gained mutation: Your body sometimes deteriorates upon
                  | taking damage. [a shining eye]
  2261 | D        | Killed a shining eye
  2265 | D        | Killed a shining eye
  2266 | D        | Gained mutation: You do not regenerate when monsters are
                  | visible. [a shining eye]
  2268 | D        | Gained mutation: You are dopey. (Int -2) [a shining eye]
  2269 | D        | Killed a shining eye
  2270 | D        | Gained mutation: Your body often deteriorates upon taking
                  | damage. [a shining eye]
  2276 | D        | Killed a shining eye
  2282 | D        | Found Volarr's Weapon Shoppe.
  2282 | D        | Found Urucocant's Magic Scroll Shop.
  2282 | D        | Found Beenumyng's Book Emporium.
  2282 | D        | Found Ybboaj's Book Boutique.
  2299 | D        | Bought 3 scrolls of identify for 84 gold pieces
  2317 | D        | Bought a dented copper amulet for 120 gold pieces
  2317 | D        | Bought an opal ring for 120 gold pieces
  2317 | D        | Bought a lumpy blue potion for 21 gold pieces
  2446 | D        | Reached skill level 1 in Dodging
  2550 | D        | Found Wutobbit's Weapon Shoppe.
  2550 | D        | Found Biash's Weapon Shop.
  2550 | D        | Found Zeryan's Book Boutique.
  2552 | D        | Found Hifawo Rela's Book Emporium.
  2552 | D        | Found Fuluuwna's Armour Shop.
  2552 | D        | Found Wieloc's Armour Shoppe.
  2552 | D        | Found Jyink's Armour Boutique.
  2552 | D        | Found Xihuelly's Book Emporium.
  2552 | D        | Found Rourio's Book Shop.
  2552 | D        | Found Newoneev's Book Shoppe.
  2556 | D        | Found Wyphiu Hysu's Antique Weapon Boutique.
  2557 | D        | Found Pant's Antique Weapon Emporium.
  2557 | D        | Found Nugre's Antique Weapon Boutique.
  2558 | D        | Bought a +2 chain mail of poison resistance for 185 gold
                  | pieces
  2558 | D        | Found Abbimn's Book Emporium.
  2565 | D        | Bought a glowing quarterstaff for 161 gold pieces
  2586 | D        | Identified a scroll of acquirement
  2586 | D        | Acquired 731 gold pieces
  2633 | D        | Noticed a lindwurm
  2649 | D        | Killed a lindwurm
  2955 | D        | Reached XP level 12. HP: 97/97 MP: 19/19
  2971 | D        | Reached skill level 15 in Fighting
  2978 | D        | Reached skill level 15 in Armour
  3252 | D        | Noticed a 12-headed hydra
  3256 | D        | Killed a 12-headed hydra
  3257 | D        | Reached skill level 5 in Dodging
  3279 | D        | Noticed a daeva
  3516 | D        | Identified a +3 quarterstaff of holy wrath (a +1 spectral
                  | quarterstaff blessed by the Shining One)
  3516 | D        | Received a gift from the Shining One
  4184 | D        | Noticed a fire giant
  4185 | D        | Noticed a fire giant
  4188 | D        | Identified the ring "Nom Piaf" {rN+ MP+9}
  4188 | D        | Noticed a fire giant
  4191 | D        | Noticed a fire giant
  4194 | D        | Killed a fire giant
  4199 | D        | The Shining One protects you from harm!
  4201 | D        | Killed from afar by a fire giant

Illustrated notes

Levels and vault maps discovered:
D:        dungeon_sprint_1 [red_sonja_temple_1, red_sonja_temple_small_1]

Skill      XL: |  1  2  3  4  5  6  7  8  9 10 11 12 |
---------------+-------------------------------------+-----
Fighting       | 4 6 7 8 10 11 13 14 15 | 15.9
Staves         | 3 4 6 7 9 10 11 13 | 13.0
Armour         | 4 6 7 8 10 11 13 14 15 | 15.9
Shields        | 5 6 8 9 11 12 14 | 14.0
Invocations    | 4 5 8 10 13 14 | 14.6
Dodging        | 3 6 |  6.6

Action                   |  1- 3 |  4- 6 |  7- 9 | 10-12 || total
-------------------------+-------+-------+-------+-------++-------
Melee: Quarterstaff      |    17 |    12 |    57 |   257 ||   343
Invok: Cleansing Flame   |       |       |     1 |     1 ||     2
       Summon Divine War |       |       |       |     1 ||     1
       Brand Weapon With |       |       |       |     1 ||     1
 Abil: Dig               |       |       |       |     1 ||     1
Evoke: Wand              |       |       |       |     1 ||     1
  Use: Potion            |     2 |       |     1 |       ||     3
       Scroll            |       |       |       |     6 ||     6
Armor: Scale mail        |     2 |     2 |    25 |     6 ||    35
       Troll leather arm |       |       |       |     5 ||     5
       Chain mail        |       |       |       |    45 ||    45
Dodge: Dodged            |     4 |     1 |    23 |    54 ||    82
Block: Kite shield       |    11 |     5 |    33 |    89 ||   138

Table legend: (Time is in decaauts)
 A = Elapsed time spent in this place.
 B = Non-inter-level travel time spent in this place.
 C = Inter-level travel time spent in this place.
 D = Time resting spent in this place.
 E = Time spent auto-exploring this place.
 F = Levels seen in this place.
 G = Mean time per level.
                   A        B        C        D        E       F      G
               +--------+--------+--------+--------+--------+-----+--------+
         Total |   4118 |   4090 |     28 |   3105 |      0 |   1 | 4118.0 |
       Dungeon |   4118 |   4090 |     28 |   3105 |      0 |   1 | 4118.0 |
               +--------+--------+--------+--------+--------+-----+--------+

Top non-repeatable levels by time:
       D: 4118 daAuts
